 Dungeon Crawl Stone Soup version 0.25-a0-464-g3004169c2b (webtiles) character file.

3 Empheia the Grasshopper (level 1, 0/17 HPs)
             Began as a Gnoll Wanderer on June 20, 2017.
             Slain by a frilled lizard (1 damage)
             ... on level 1 of the Dungeon on Feb 4, 2020.
             The game lasted 00:02:20 (228 turns).

Empheia the Grasshopper (Gnoll Wanderer)             Turns: 228, Time: 00:02:20

Health: 0/17       AC:  2    Str: 13    XL:     1   Next: 50%
Magic:  1/1        EV: 11    Int: 11    God:
Gold:   12         SH:  0    Dex: 12    Spells: 0/0 levels left

rFire    . . .     SeeInvis .   e - +0 club
rCold    . . .     Gourm    .   (no shield)
rNeg     . . .     Faith    .   d - +0 robe
rPois    .         Spirit   .   (no helmet)
rElec    .         Reflect  .   (no cloak)
rCorr    .         Harm     .   (no gloves)
MR       .....                  (no boots)
Stlth    +.........             (no amulet)
HPRegen  0.05/turn              a - ring of wizardry
MPRegen  0.07/turn              (no ring)

@: no status effects
A: distributed training, fangs 1, strong nose
a: no special abilities


You were on level 1 of the Dungeon.
You were not hungry.

You visited 1 branch of the dungeon, and saw 1 of its levels.

You collected 12 gold pieces.

Inventory:

Hand Weapons
 e - a +0 club (weapon)
Missiles
 g - 7 curare-tipped darts (quivered)
Armour
 d - a +0 robe (worn)
Jewellery
 a - a ring of wizardry (left hand)
Scrolls
 b - a scroll of identify {unknown}
Comestibles
 c - a chunk of flesh
 f - a ration


   Skills:
 + Level 2.3 Fighting
 + Level 0.0 Short Blades
 + Level 0.0 Long Blades
 + Level 2.3 Axes
 + Level 0.0 Maces & Flails
 + Level 0.0 Polearms
 + Level 0.0 Staves
 + Level 0.0 Slings
 + Level 0.0 Bows
 + Level 0.0 Crossbows
 + Level 0.0 Throwing
 + Level 2.3 Armour
 + Level 0.0 Dodging
 + Level 0.0 Stealth
 + Level 4.4 Shields
 + Level 0.0 Unarmed Combat
 + Level 0.0 Spellcasting
 + Level 3.6 Conjurations
 + Level 0.0 Hexes
 + Level 0.0 Charms
 + Level 0.0 Summonings
 + Level 0.0 Necromancy
 + Level 5.3 Translocations
 + Level 0.0 Transmutations
 + Level 0.0 Fire Magic
 + Level 0.0 Ice Magic
 + Level 0.0 Air Magic
 + Level 0.0 Earth Magic
 + Level 0.0 Poison Magic
 + Level 0.1 Invocations
 + Level 0.0 Evocations


You couldn't memorise any spells.
You didn't know any spells.
Your spell library contained the following spells:

 Spells                   Type           Power        Failure   Level  Hunger
 Apportation              Tloc           ##....       1%          1    ##.....
 Magic Dart               Conj           #...         3%          1    ##.....
 Searing Ray              Conj           #.....       4%          2    ###....
 Shock                    Conj/Air       #...         7%          1    ##.....
 Portal Projectile        Hex/Tloc       #.....       14%         3    ####...
 Dazzling Flash           Conj/Hex       #.....       21%         3    ####...
 Iskenderun's Mystic Bla  Conj/Tloc      #.......     22%         4    #####..
 Mephitic Cloud           Conj/Pois/Air  #.......     26%         3    ####...
 Fulminant Prism          Conj/Hex       #.........   52%         4    #####..


Dungeon Overview and Level Annotations

Branches:
Dungeon (1/15)

Altars:


Innate Abilities, Weirdness & Mutations

Your experience applies equally to all skills.
You have very sharp teeth.
Your uncanny sense of smell can sniff out nearby items.


Message History

You barely miss the giant cockroach.
The giant cockroach is severely wounded.
The giant cockroach bites you.
* * * LOW HITPOINT WARNING * * *
The giant cockroach bites you but does no damage.
You hit the giant cockroach.
You kill the giant cockroach!
You see here 7 curare-tipped darts.
g - 7 curare-tipped darts
a - a ring of wizardry (left hand)
A frilled lizard comes into view.
The frilled lizard hisses angrily.
A goblin comes into view.
The goblin shouts!
You barely miss the frilled lizard. The frilled lizard misses you.
You closely miss the frilled lizard. The frilled lizard bites you.
* * * LOW HITPOINT WARNING * * *
The frilled lizard closely misses you.
You miss the frilled lizard. The frilled lizard bites you.
You die...

#.#.#.........
#####.#.#..#.##.##
#..........#.# ∆
#.###.............
#.###.#.......#..#
#.#...>......#...
∆
#.#.#........##...
#.#............ ..
#.#.#.@..###.### .
#.#.#gl..# .#
#.###....# #....#
#....# #....#
#....# #.....


You could see a goblin and a frilled lizard.

Vanquished Creatures
  A giant cockroach (D:1)
  A kobold (D:1)
  A rat (D:1)
3 creatures vanquished.

Notes
Turn   | Place    | Note
-------+----------+-------------------------------------------
     0 | D:1      | Empheia the Gnoll Wanderer began the quest for the Orb.
     0 | D:1      | Empheia set off with: a book of Conjurations, the Handbook
                  | of the Birds, Fuerut's Disquisition on Dislocation, a +0
                  | robe, a +0 club, a bread ration
     0 | D:1      | Reached XP level 1. HP: 16/16 MP: 1/1
     4 | D:1      | Reached skill level 5 in Translocations
   228 | D:1      | Slain by a frilled lizard

Levels and vault maps discovered:
D:1:      roderic_octagonal_star, serial_forest, infiniplex_forest_lined_room_3,
          infiniplex_forest_clump_C, infiniplex_forest_clump_curved,
          infiniplex_forest_straight_5, infiniplex_forest_end_3,
          infiniplex_forest_straight_1, infiniplex_forest_lined_1

Skill      XL: |  1 |
---------------+----+-----
Fighting       | 2 |  2.3
Axes           | 2 |  2.3
Armour         | 2 |  2.3
Shields        | 4 |  4.4
Translocations | 5 |  5.3
Conjurations   | |  3.6
Invocations    | |  0.1

Action                   || total
-------------------------++-------
Melee: Club              ||    23
       Bite              ||     3
Armor: Robe              ||     4
Dodge: Dodged            ||    14

Table legend:
 A = Non-vault XP
 B = Vault XP
 C = Vault XP percentage of total XP
 D = Non-vault monster count
 E = Vault monster count
 F = Vault count percentage of total count
                 A         B        C        D         E       F
            +---------+---------+-------+---------+---------+-------
      Total |       0 |       0 |   N/A |       0 |       0 |  -nan
            +---------+---------+-------+---------+---------+-------
            +---------+---------+-------+---------+---------+-------
